 Dungeon Crawl Stone Soup version 0.26-a0-606-g3c8f2f65f7 (webtiles) character file.

Game seed: 5711608299403682738

123 ANON1729 the Shield-Bearer (level 5, -1/42 HPs)
             Began as a Formicid Fighter on Sept 1, 2020.
             Slain by an ice beast (9 damage)
             ... on level 3 of the Dungeon.
             The game lasted 00:01:43 (1421 turns).

ANON1729 the Shield-Bearer (Formicid Fighter)       Turns: 1421, Time: 00:01:43

Health: -1/42      AC:  7    Str: 21    XL:     5   Next: 29%
Magic:  5/5        EV:  8    Int:  8    God:
Gold:   114        SH:  9    Dex: 10    Spells: 4/4 levels left

rFire    . . .     SeeInvis +   a - +0 war axe
rCold    . . .     Faith    .   c - +0 kite shield
rNeg     . . .     Spirit   .   b - +0 scale mail
rPois    .         Reflect  .   (helmet unavailable)
rElec    .         Harm     .   (no cloak)
rCorr    .                      (no gloves)
MR       .....                  (no boots)
Stlth    ..........             e - amulet of regeneration
HPRegen  0.54/turn              (no ring)
MPRegen  0.09/turn              (no ring)

@: no status effects
A: permanent stasis, dig shafts and tunnels, four strong arms, antennae 3
a: Dig, Shaft Self


You were on level 3 of the Dungeon.
You visited 1 branch of the dungeon, and saw 3 of its levels.

You collected 114 gold pieces.

Inventory:

Hand Weapons
 a - a +0 war axe (weapon)
Armour
 b - a +0 scale mail (worn)
 c - a +0 kite shield (worn)
Jewellery
 e - an amulet of regeneration (around neck)
Scrolls
 f - 5 scrolls of fog {unknown}
 h - 2 scrolls of remove curse {unknown}
 i - a scroll of enchant weapon {unknown}
 k - a scroll of teleportation {unknown}
 n - 5 scrolls of immolation {unknown}
 o - 2 scrolls of identify {unknown}
Potions
 d - a potion of might
 g - 2 potions of haste {unknown}
 j - a potion of curing {unknown}
 l - a potion of degeneration {unknown}
 m - a potion of stabbing {unknown}


   Skills:
 + Level 4.1 Fighting
 + Level 3.0 Axes
 + Level 4.2 Armour
 + Level 4.5 Shields


You had 4 spell levels left.
You didn't know any spells.
Your spell library was empty.

Dungeon Overview and Level Annotations

Branches:
Dungeon (3/15)

Altars:
Makhleb


Innate Abilities, Weirdness & Mutations

You cannot be hasted, slowed, berserked, paralysed or teleported.
You can dig through walls and to a lower floor.
Your four strong arms can wield two-handed weapons with a shield.
You have a pair of large antennae on your head. (SInv)


Message History

You barely miss the ice beast.
The ice beast is almost dead.
The ice beast hits you but does no damage.
The ice beast closely misses you.
You hit the ice beast.
The ice beast is almost dead.
The ice beast hits you. The ice beast freezes you!
* * * LOW HITPOINT WARNING * * *
You are too injured to fight recklessly!
You are too injured to fight recklessly!
You are too injured to fight recklessly!
An ice beast is nearby!
An ice beast is nearby!
Your shield and scale mail prevent you from hitting the ice beast.
The ice beast is almost dead.
The ice beast hits you but does no damage.
The ice beast hits you.
* * * LOW HITPOINT WARNING * * *
The ice beast freezes you!
You die...

##...).#.# #..
#........# #.#
##.....### ... ##...##
#.# ###.##### #.#
#.......# #.#
#.#.###.# #Y#
#.#.###.# ##@##
#....#..#
####...#######.......#
+.....................
####...#######...#...#
#......<.# #....#..#
#.###.##.# #.......# #
#.# .# ##.#.#.## #.# #
#.....# #. ###.###


You could see an ice beast.

Vanquished Creatures
  4 gnolls (D:2)
  An adder (D:2)
  2 oozes
  A worm (D:2)
  3 dart slugs (D:1)
  4 leopard geckos
  2 giant cockroaches
  7 goblins
  5 hobgoblins
  7 jackals
  A quokka (D:2)
  A ball python (D:2)
  4 bats
  A frilled lizard (D:2)
  5 kobolds
  6 rats
54 creatures vanquished.

Notes
Turn   | Place    | Note
-------+----------+-------------------------------------------
     0 | D:1      | ANON1729 the Formicid Fighter began the quest for the Orb.
     0 | D:1      | Reached XP level 1. HP: 18/18 MP: 1/1
    93 | D:1      | Reached XP level 2. HP: 19/24 MP: 2/2
   162 | D:1      | Reached XP level 3. HP: 29/29 MP: 3/3
   693 | D:2      | Reached XP level 4. HP: 30/37 MP: 4/4
   989 | D:2      | Reached XP level 5. HP: 42/42 MP: 5/5
  1033 | D:2      | Found a burning altar of Makhleb.
  1406 | D:3      | Noticed an ice beast
  1421 | D:3      | Slain by an ice beast

Illustrated notes

Levels and vault maps discovered:
D:1:      minmay_arrival_floating_metal, layout_rooms
D:2:      layout_basic, lemuel_crystal_altar
D:3:      layout_loops_corners, okawaru_trees_1, lightli_sewer_entry_pipes,
          serial_bayou_pond_e, kennysheep_generic_room_15

Skill      XL: |  1  2  3  4  5 |
---------------+----------------+-----
Shields        | 4 |  4.5
Armour         | 4 |  4.2
Fighting       | 4 |  4.1
Axes           | 3 |  3.0

Action                   |  1- 3 |  4- 6 || total
-------------------------+-------+-------++-------
Melee: War axe           |   109 |    65 ||   174
Armor: Scale mail        |    56 |    32 ||    88
Dodge: Dodged            |    53 |    30 ||    83
Block: Kite shield       |    69 |    37 ||   106

Table legend: (Time is in decaauts)
 A = Elapsed time spent in this place.
 B = Non-inter-level travel time spent in this place.
 C = Inter-level travel time spent in this place.
 D = Time resting spent in this place.
 E = Time spent auto-exploring this place.
 F = Levels seen in this place.
 G = Mean time per level.
                   A        B        C        D        E       F      G
               +--------+--------+--------+--------+--------+-----+--------+
         Total |   1521 |   1465 |     56 |     69 |    963 |   3 |  507.0 |
       Dungeon |   1521 |   1465 |     56 |     69 |    963 |   3 |  507.0 |
               +--------+--------+--------+--------+--------+-----+--------+

Top non-repeatable levels by time:
     D:1: 738 daAuts
     D:2: 609 daAuts
     D:3: 172 daAuts
